 Dungeon Crawl Stone Soup version 0.18.1-50-g88ac8fd (webtiles) character file.

255 Monkfish the Cutter (level 6, -4/39 HPs)
             Began as a Kobold Berserker on Oct 23, 2016.
             Was a Priest of Trog.
             Slain by an iguana (8 damage)
             ... on level 4 of the Dungeon.
             The game lasted 00:06:49 (3014 turns).

Monkfish the Cutter (Kobold Berserker)              Turns: 3014, Time: 00:06:50

Health: -4/39      AC: 17    Str: 16    XL:     6   Next: 38%
Magic:  6/6        EV: 13    Int:  5    God:    Trog [***...]
Gold:   106        SH:  0    Dex: 17    Spells: 0 memorised, 5 levels left

rFire  . . .     SeeInvis .     g - +1 dagger (protect)
rCold  . . .     Gourm    .     d - +1 scale mail {MR+}
rNeg   . . .     Faith    .     (shield restricted)
rPois  .         Spirit   .     (no helmet)
rElec  .         Dismiss  .     k - +2 cloak {MR+}
rCorr  .         Reflect  .     l - +1 pair of gloves
SustAt .         Harm     .     (no boots)
MR     ++++.                    (no amulet)
Stlth  ++........               (no ring)
                                (no ring)

@: exhausted, regenerating, slowed, very slow, incredibly resistant to hostile
enchantments, unstealthy
A: carnivore 3
a: Berserk, Trog's Hand, Burn Spellbooks, Renounce Religion


You were on level 4 of the Dungeon.
You worshipped Trog.
Trog was most pleased with you.
You were not hungry.

You visited 1 branch of the dungeon, and saw 4 of its levels.

You collected 106 gold pieces.

Inventory:

Hand Weapons
 b - a +0 dagger of speed
 g - a +1 dagger of protection (weapon)
Armour
 d - a +1 scale mail of magic resistance (worn)
 k - a +2 cloak of magic resistance (worn)
 l - a +1 pair of gloves (worn)
Jewellery
 a - an uncursed ring of see invisible {unknown}
 i - a +2 ring of intelligence {unknown}
Scrolls
 e - a scroll of teleportation {unknown}
 m - a scroll of remove curse
 o - a scroll of identify
Potions
 f - a potion of might
 n - 2 potions of curing
Comestibles
 c - 2 meat rations
 h - a beef jerky
 j - a slice of pizza


   Skills:
 + Level 4.6 Fighting
 + Level 6.0 Short Blades
 - Level 1.5 Armour
 - Level 2.4 Dodging
 * Level 5.2 Stealth


You had 5 spell levels left.
You didn't know any spells.

Dungeon Overview and Level Annotations

Branches:
Dungeon (4/15)
 Temple: D:4-7

Altars:
Kikubaaqudgha
Pakellas
Vehumet
Xom


Innate Abilities, Weirdness & Mutations

You are small and have problems with some larger weapons.
You are carnivorous and can eat meat at any time.


Message History

You hit the iguana but do no damage.
The iguana is almost dead.
The iguana bites you but does no damage.
You hit the iguana but do no damage.
The iguana is almost dead.
The iguana bites you but does no damage.
Found a rapier.
You closely miss the iguana.
The iguana is almost dead.
The iguana bites you!
* * * LOW HITPOINT WARNING * * *
You hit the iguana but do no damage.
The iguana is almost dead.
The iguana bites you but does no damage.
The iguana bites you.
* * * LOW HITPOINT WARNING * * *
You hit the iguana.
The iguana is almost dead.
The iguana bites you!
You die...

). ###.### #.
##...... #. #......
# #.#####..#.. .#
#...?.....# ..#
####.....#...#...#
#........[.......#
#....@l.........#
.................##
###........<##.###
#.....>......#
#.........####
#.........#
#.......###
###...### #...


You could see an iguana.

Vanquished Creatures
  A centaur skeleton (D:4)
  Crazy Yiuf (D:2)
  Ijyb (D:2)
  A hound skeleton (D:4)
  3 gnolls (D:3)
  2 adders (D:2)
  An adder skeleton (D:4)
  5 worms
  2 dart slugs
  2 giant geckos (D:2)
  5 orcs (D:3)
  9 bats
  2 giant cockroaches (D:1)
  11 goblins
  10 hobgoblins
  5 jackals
  7 ball pythons
  7 giant newts
  3 kobolds
  14 rats
92 creatures vanquished.

Notes
Turn   | Place    | Note
--------------------------------------------------------------
     0 | D:1      | Monkfish the Kobold Berserker began the quest for the Orb.
     0 | D:1      | Reached XP level 1. HP: 14/14 MP: 1/1
    90 | D:1      | Reached XP level 2. HP: 18/19 MP: 2/2
   171 | D:1      | Reached skill level 1 in Stealth
   309 | D:1      | Found a shimmering altar of Xom.
   644 | D:1      | Reached XP level 3. HP: 14/24 MP: 3/3
   879 | D:2      | Reached ** piety under Trog
  1127 | D:2      | Found an oddly glowing altar of Pakellas.
  1181 | D:2      | Reached skill level 5 in Short Blades
  1288 | D:2      | Reached XP level 4. HP: 29/29 MP: 4/4
  1364 | D:2      | Found an ancient bone altar of Kikubaaqudgha.
  1416 | D:2      | Found a radiant altar of Vehumet.
  1493 | D:2      | Noticed Crazy Yiuf
  1500 | D:2      | Killed Crazy Yiuf
  1767 | D:2      | Reached XP level 5. HP: 33/33 MP: 5/5
  1783 | D:2      | Reached *** piety under Trog
  1863 | D:2      | Noticed Ijyb
  2006 | D:2      | Killed Ijyb
  2740 | D:3      | Reached XP level 6. HP: 39/39 MP: 6/6
  2970 | D:4      | Reached skill level 5 in Stealth
  2976 | D:4      | Reached skill level 6 in Short Blades
  3014 | D:4      | Slain by an iguana

Skill      XL: |  1  2  3  4  5  6 |
---------------+-------------------+-----
Stealth        | 1 2 3 4 5 |  5.2
Short Blades   | 5 6 |  6.0
Fighting       | 4 |  4.6
Armour         | |  1.5
Dodging        | |  2.4

Action                   |  1- 3 |  4- 6 || total
-------------------------+-------+-------++-------
Melee: Short sword       |   118 |    25 ||   143
       Dagger            |       |   356 ||   356
Invok: Berserk           |     2 |     5 ||     7
       Trog's Hand       |       |     1 ||     1
  Use: Potion            |     2 |     2 ||     4
       Scroll            |     1 |     4 ||     5
 Stab: Sleeping          |     5 |     4 ||     9
  Eat: Chunk             |     6 |     5 ||    11
       Meat ration       |       |     1 ||     1
Armor: Animal skin       |    22 |     1 ||    23
       Leather armour    |       |    39 ||    39
       Scale mail        |       |    82 ||    82
Dodge: Dodged            |    85 |   242 ||   327
